Kradschützen Motorcycle Team
Selects Panzerjäger Kommand Battlegroup
Selects Blockade Equipment
Construct Light Support Kompanie
Construct Mechanized Kompanie
Selects GrB 39 Grenade Launcher Requisition
Panzerjäger Mechanized Group
Selects Crew Shock Tactics
Construct Panzerarmee Kommand
Walking Stuka Rocket Launcher
Panzerjäger Mechanized Group
Walking Stuka Rocket Launcher
Selects Butterfly Bomb Drop
Pak 38 Anti-tank Gun Team
Pak 38 Anti-tank Gun Team
18-tonne Recovery Half-track
Selects Elefant Tank Destroyer
Pak 38 Anti-tank Gun Team